 Dungeon Crawl Stone Soup version 0.25.1-8-g42b30a86e7 (webtiles) character file.

Game seed: 16545816339172300063

112 aaaaaaaaaaaaaaaaaa the Ruffian (level 4, -13/44 HPs)
             Began as a Troll Monk on Dec 26, 2020.
             Killed by divine providence
             ... invoked by an orc priest
              (17 damage)
             ... on level 3 of the Dungeon.
             The game lasted 00:02:39 (1401 turns).

aaaaaaaaaaaaaaaaaa the Ruffian (Troll Monk)         Turns: 1401, Time: 00:02:39

Health: -13/44     AC:  6    Str: 19    XL:     4   Next: 64%
Magic:  3/3        EV: 11    Int:  6    God:
Gold:   77         SH:  0    Dex: 13    Spells: 3/3 levels left

rFire    . . .     SeeInvis +     - Unarmed
rCold    . . .     Gourm    +   (no shield)
rNeg     . . .     Faith    .   a - +0 robe
rPois    .         Spirit   .   (helmet restricted)
rElec    .         Reflect  .   (no cloak)
rCorr    .         Harm     .   (gloves unavailable)
MR       .....                  (boots unavailable)
Stlth    ++........             (no amulet)
HPRegen  0.54/turn              g - ring of see invisible
MPRegen  0.08/turn              (no ring)

@: no status effects
A: large, unfitting armour, claws 3, fast metabolism 3, gourmand, regeneration
1, shaggy fur 1, tough skin 3
a: no special abilities


You were on level 3 of the Dungeon.
You were completely stuffed.

You visited 1 branch of the dungeon, and saw 3 of its levels.

You collected 77 gold pieces.

Inventory:

Armour
 a - a +0 robe (worn)
Jewellery
 f - a cursed ring of attention {unknown}
 g - a ring of see invisible (left claw)
Scrolls
 c - 3 scrolls of identify {unknown}
 d - a scroll of remove curse {unknown}
 e - a scroll of teleportation {unknown}
 l - a scroll of amnesia {unknown}
 m - a scroll of fear {unknown}
Potions
 h - 2 potions of lignification {unknown}
 j - a potion of haste {unknown}
 k - 2 potions of curing {unknown}
Comestibles
 b - 3 rations
 i - 3 chunks of flesh


   Skills:
 + Level 2.9 Fighting
 + Level 2.9 Dodging
 - Level 1.0 Stealth
 * Level 4.6 Unarmed Combat


You had 3 spell levels left.
You didn't know any spells.
Your spell library was empty.

Dungeon Overview and Level Annotations

Branches:
Dungeon (3/15)

Altars:


Innate Abilities, Weirdness & Mutations

You are too large for most types of armour.
You have claws for hands.
Your metabolism is lightning-fast.
You like to eat raw meat.
Your natural rate of healing is unusually fast.
You are covered in fur. (AC +1)
You have extremely tough skin. (AC +3)


Message History

The orc wizard seems to speed up.
The orc barely misses you.
You scratch the orc priest but do no damage.
The orc priest is almost dead.
The orc wizard gestures at you while chanting.
The magic dart hits you! The orc priest barely misses you.
The orc hits you with a cursed -1 falchion.
The orc wizard barely misses you.
A giant cockroach comes into view.
Okay, then.
The orc wizard looks encouraged for a moment.
A giant cockroach comes into view.
The orc priest mumbles some strange prayers to Beogh against you.
Beogh smites you!
* * * LOW HITPOINT WARNING * * *
The orc wizard gestures at you while chanting.
The puff of flame hits you!
* * * LOW HITPOINT WARNING * * *
The orc priest mumbles some strange prayers to Beogh against you.
Beogh smites you!
You die...

..... ...#.#
...... .s.#.#
......# ..#.#
.....#.#....#
.s.o#._.#...##
.....#.#.....#
#....o#o..#.#
#.o.ooo.@.#
##....##....#
##..#...##.#
#.. .### #
#..### ...
.... .....


You could see an orc priest, an orc wizard (fast), 4 orcs and a giant cockroach
(wandering).

Vanquished Creatures
  Terence (D:2)
  5 adders (D:2)
  2 worms (D:2)
  A dart slug (D:1)
  A leopard gecko (D:2)
  2 giant cockroaches (D:1)
  5 goblins
  4 hobgoblins
  6 jackals
  3 kobolds
  2 bats (D:1)
  3 frilled lizards
  A rat (D:2)
36 creatures vanquished.

Notes
Turn   | Place    | Note
-------+----------+-------------------------------------------
     0 | D:1      | aaaaaaaaaaaaaaaaaa the Troll Monk began the quest for the
                  | Orb.
     0 | D:1      | Reached XP level 1. HP: 22/22 MP: 0/0
   154 | D:1      | Reached XP level 2. HP: 29/29 MP: 1/1
   695 | D:2      | Reached XP level 3. HP: 36/36 MP: 2/2
   793 | D:2      | Noticed Terence
   801 | D:2      | Killed Terence
   801 | D:2      | Reached skill level 4 in Unarmed Combat
   858 | D:2      | Reached XP level 4. HP: 44/44 MP: 3/3
  1391 | D:3      | Found a faded altar of an unknown god.
  1401 | D:3      | Killed from afar by an orc priest

Illustrated notes

Levels and vault maps discovered:
D:1:      lemuel_arrival_rhombus, layout_loops_ring
D:2:      layout_basic, uniq_terence
D:3:      layout_rooms, chequers_ecumenical_altar_simple_redux,
          kennysheep_generic_room_6, uniq_natasha, uniq_grinder, uniq_ijyb

Skill      XL: |  1  2  3 |
---------------+----------+-----
Unarmed Combat | 4 |  4.6
Fighting       | |  2.9
Dodging        | |  2.9
Stealth        | |  1.0

Action                   |  1- 3 |  4- 6 || total
-------------------------+-------+-------++-------
Melee: Unarmed           |    53 |    38 ||    91
       Punch             |       |     1 ||     1
 Stab: Sleeping          |     2 |       ||     2
  Eat: Chunk             |    13 |     5 ||    18
Armor: Robe              |    15 |    10 ||    25
Dodge: Dodged            |    26 |    28 ||    54
